Map: Ulrena

Players

ZeN - Winner!

  • Race: Protoss Protoss
  • League: Gold

capac

  • Race: Terran Terran
  • League: Gold

VOD

Have the link to the VOD?

Description

Time

  • Played on: Feb. 17, 2016, 11:06 a.m.
  • Length: 10:16
Show
View Real Time Build Order
Export as new Build Order

ZeN Protoss - Winner!

Build Orders:  

Get SALT Encoding   

  12  0:01  Probe (Chrono Boost)  
  13  0:15  Probe (Chrono Boost)  
  14  0:25  Probe (Chrono Boost)  
  15  0:34  Pylon  
  15  0:52  Gateway  
  15  0:57  Gateway  
  15  1:01  Probe (Chrono Boost)  
  16  1:17  Probe (Chrono Boost)  
  17  1:21  Pylon  
  17  1:29  Assimilator  
  17  1:30  Probe (Chrono Boost)  
  18  1:34  Assimilator  
  18  1:40  Zealot (Chrono Boost)  
  18  1:44  Cybernetics Core  
  22  1:50  Zealot (Chrono Boost)  
  22  1:56  Probe  
  23  2:02  Pylon  
  23  2:05  Zealot (Chrono Boost)  
  27  2:18  Zealot (Chrono Boost)  
  27  2:29  Stalker (Chrono Boost)  
  29  2:40  Probe  
  29  2:41  Warp Gate  
  32  2:46  Stalker (Chrono Boost)  
  32  2:55  Stalker (Chrono Boost)  
  34  3:00  Pylon  
  34  3:19  Probe  
  35  3:33  Nexus  
  35  3:38  Stalker (Chrono Boost)  
  37  3:44  Stalker (Chrono Boost)  
  40  3:48  Probe (Chrono Boost)  
  40  3:55  Pylon  
  40  4:12  Stargate  
  40  4:19  Adept  
  40  4:21  Adept  
  44  4:25  Probe (Chrono Boost)  
  45  4:36  Probe (Chrono Boost)  
  46  4:46  Probe (Chrono Boost)  
  47  4:57  Oracle (Chrono Boost)  
  47  5:22  Probe  
  47  5:23  Probe  
  49  5:38  Probe  
  49  5:40  Probe  
  51  5:47  Stalker x2  
  51  5:49  Probe  
  55  5:52  Probe  
  57  5:59  Probe  
  57  6:04  Probe  
  59  6:10  Probe  
  60  6:11  Void Ray (Chrono Boost)  
  60  6:13  Pylon  
  60  6:15  Pylon  
  60  6:18  Gateway x2  
  61  6:23  Gateway  
  61  6:35  Assimilator  
  61  6:38  Assimilator  
  61  6:43  Probe  
  61  6:44  Probe  
  59  6:56  Mothership Core  
  59  6:59  Probe  
  62  7:07  Void Ray (Chrono Boost)  
  66  7:11  Probe  
  67  7:25  Gateway  
  67  7:49  Probe  
  67  7:50  Probe  
  68  7:52  Adept x2  
  68  7:53  Adept  
  74  7:59  Probe  
  74  8:02  Probe  
  76  8:09  Nexus  
  76  8:10  Gateway  
  76  8:12  Gateway  
  76  8:14  Adept  
  76  8:18  Pylon  
  78  8:20  Pylon  
  78  8:34  Probe  
  78  8:36  Probe  
  78  8:40  Adept x4  
  88  8:46  Probe  
  88  8:48  Probe  
  90  9:09  Probe  
  90  9:10  Probe  
  90  9:15  Robotics Facility  
Show
View Real Time Build Order
Export as new Build Order

capac Terran 

Build Orders:  

Get SALT Encoding   

  12  0:01  SCV  
  13  0:13  SCV  
  14  0:18  Supply Depot  
  14  0:25  SCV  
  15  0:39  SCV  
  16  0:43  Barracks  
  16  0:47  Refinery  
  16  0:53  SCV  
  17  0:59  Supply Depot  
  17  1:05  SCV  
  18  1:38  Marine  
  19  1:40  Barracks  
  19  1:43  Orbital Command  
  19  1:50  Factory  
  19  1:56  Marine  
  20  2:14  Marine  
  21  2:28  Marine, Bunker  
  22  2:32  Marine  
  22  2:36  Factory Tech Lab  
  23  2:39  Starport  
  23  2:41  Refinery, SCV  
  24  2:46  Marine  
  24  2:50  Marine  
  26  2:55  SCV  
  27  3:04  Marine  
  28  3:07  Marine  
  29  3:21  SCV  
  29  3:28  Marine x2  
  31  3:52  Marine x2, Siege Tank, SCV, Medivac  
  39  3:59  Supply Depot  
  39  4:20  SCV  
  40  4:24  Command Center  
  40  4:37  Marine x2  
  42  4:41  Supply Depot  
  42  4:53  Liberator  
  42  5:09  Supply Depot  
  42  5:11  Marine x2  
  46  5:29  Marine  
  47  5:38  Siege Tank  
  47  5:39  Barracks Tech Lab  
  50  5:47  Marine  
  37  6:04  Marine  
  37  6:05  Marine  
  37  6:09  SCV  
  36  6:21  SCV  
  36  6:22  Marine  
  36  6:24  Marine  
  39  6:40  SCV  
  39  6:43  SCV  
  40  6:56  Liberator  
  40  7:10  SCV x2  
  45  7:22  SCV  
  46  7:23  Marine x2, SCV  
  49  7:34  SCV  
  49  7:35  SCV  
  51  7:38  Liberator  
  51  7:49  Marine x2  
  50  7:55  SCV x2  
  55  8:07  SCV  
  56  8:16  SCV  
  56  8:19  SCV  
  58  8:23  Liberator  
  58  8:26  Marine  
  58  8:27  Marine  
  60  8:36  SCV x2  
  65  8:44  Marine x2  
  67  8:52  Supply Depot  
  67  8:54  SCV x2  
  69  8:56  Starport  
  69  9:06  Liberator  
  69  9:15  Marine x2  
  68  9:32  Marine  
  68  9:33  Marine  
Tags
 
League
GoldGold
Matchup
PvT
Add a new tag
Caveats
  • Supply blocks, unpowered buildings, or Contaminate may cause inaccurate times.
  • Supply counts are checked every 10 seconds.